 Dungeon Sprint DCSS version 0.24-a0-93-ge1bfdf8443 (webtiles) character file.

Game seed: 7298509661631501976

83 Denreik the Digger (level 4, 0/33 (34) HPs)
             Began as a Gnoll Earth Elementalist on Feb 10, 2019.
             Slain by a necrophage (4 damage)
             ... in the Dungeon (Sprint II: "The Violet Keep of Menkaure").
             The game lasted 00:00:29 (18 turns).

Denreik the Digger (Gnoll Earth Elementalist)         Turns: 18, Time: 00:00:29

HP:   0/33 (34)     AC:  2    Str: 10    XL:     4   Next: 44%
MP:   1/11          EV: 15    Int: 18    God:
Gold: 0             SH:  0    Dex: 16    Spells: 13/14 levels left

rFire    . . .     SeeInvis .     - Unarmed
rCold    . . .     Gourm    .   (no shield)
rNeg     . . .     Faith    .   c - +0 robe
rPois    .         Spirit   .   (no helmet)
rElec    .         Reflect  .   (no cloak)
rCorr    .         Harm     .   (no gloves)
MR       .....     NoTele   +   (no boots)
Stlth    +++.......             (no amulet)
HPRegen  0.11/turn              (no ring)
MPRegen  0.12/turn              (no ring)

@: no status effects
A: distributed training, fangs 1, strong nose
a: no special abilities


You were in the Dungeon.
You were not hungry.

You visited 1 branch

Inventory:

Missiles
 b - 24 stones (quivered)
Armour
 c - a +0 robe (worn)
Scrolls
 j - a scroll of blinking
Potions
 e - a potion of curing
 f - a potion of heal wounds
 g - a potion of haste
 h - 2 potions of magic
 i - a potion of berserk rage
Comestibles
 d - a ration


   Skills:
 + Level 2.6 Fighting
 + Level 2.6 Short Blades
 + Level 2.6 Long Blades
 + Level 2.6 Axes
 + Level 2.6 Maces & Flails
 + Level 2.6 Polearms
 + Level 2.6 Staves
 + Level 2.6 Slings
 + Level 2.6 Bows
 + Level 2.6 Crossbows
 + Level 2.6 Throwing
 + Level 2.6 Armour
 + Level 5.3 Dodging
 + Level 5.0 Stealth
 + Level 2.6 Shields
 + Level 2.6 Unarmed Combat
 + Level 5.7 Spellcasting
 + Level 2.1 Conjurations
 + Level 2.1 Hexes
 + Level 2.1 Charms
 + Level 2.1 Summonings
 + Level 2.1 Necromancy
 + Level 2.1 Translocations
 + Level 3.1 Transmutations
 + Level 2.1 Fire Magic
 + Level 2.1 Ice Magic
 + Level 2.1 Air Magic
 + Level 5.9 Earth Magic
 + Level 2.1 Poison Magic
 + Level 2.9 Invocations
 + Level 2.6 Evocations


You had 13 spell levels left.
You knew the following spells:

 Your Spells              Type           Power        Failure   Level  Hunger
a - Sandblast             Erth           ####..       1%          1    None

Your spell library contained the following spells:

 Spells                   Type           Power        Failure   Level  Hunger
 Passwall                 Tmut/Erth      ###.....     3%          2    None
 Stone Arrow              Conj/Erth      ###...       7%          3    ##.....
 Petrify                  Tmut/Erth      ###.....     19%         4    ####...
 Lee's Rapid Deconstruct  Erth           ####......   30%         5    #####..


Dungeon Overview and Level Annotations

Branches:
Dungeon (1/1)

Altars:


Innate Abilities, Weirdness & Mutations

Your experience applies equally to all skills.
You have very sharp teeth.
Your uncanny sense of smell can sniff out nearby items.


Message History

Confirm with . or Enter, or press ? or * to list all spells.
Okay, then.
You hit the necrophage.
The necrophage is almost destroyed.
The necrophage barely misses you.
You barely miss the necrophage.
The necrophage is almost destroyed.
The necrophage completely misses you.
You barely miss the necrophage.
The necrophage is almost destroyed.
The necrophage hits you but does no damage.
You barely miss the necrophage.
The necrophage is almost destroyed.
The necrophage misses you.
You hit the necrophage. Your punch misses the necrophage.
The necrophage is almost destroyed.
You hit the necrophage but do no damage.
The necrophage is almost destroyed.
The necrophage hits you.
You die...

∆ ∆ # #+#
.##
##.##n..#
∆+.<@nn#
##.##...#
#+# .## #
∆ ∆


You could see 3 necrophages.

Vanquished Creatures
  A necrophage (D)
1 creature vanquished.

Notes
Turn   | Place    | Note
-------+----------+-------------------------------------------
     0 | D        | Denreik the Gnoll Earth Elementalist began the quest for
                  | the Orb.
     0 | D        | Reached XP level 1. HP: 13/13 MP: 6/6
     1 | D        | Noticed a necrophage
     1 | D        | Noticed a necrophage
     1 | D        | Noticed a necrophage
     1 | D        | Noticed a necrophage
    11 | D        | Killed a necrophage
    11 | D        | Reached skill level 5 in Dodging
    11 | D        | Reached skill level 5 in Stealth
    11 | D        | Reached skill level 5 in Spellcasting
    11 | D        | Reached XP level 2. HP: 2/22 MP: 1/8
    11 | D        | Reached XP level 3. HP: 3/27 MP: 1/10
    11 | D        | Reached XP level 4. HP: 3/33 MP: 1/11
    18 | D        | Slain by a necrophage

Levels and vault maps discovered:
D:        the_violet_keep_of_menkaure [sprint2_stairs_cluster_1,
          sprint2_shoproom, sprint2_temple, sprint2_basic_supplies,
          sprint2_obstacle_3, sprint2_obstacle_6, sprint2_obstacle_1,
          sprint2_obstacle_2, sprint2_obstacle_7, sprint2_timed_cluster_1,
          sprint2_smallroom_cluster_1, sprint2_smallroom_final_cluster_1,
          sprint2_transparent_cluster_1, sprint2_second_timed_cluster_1,
          sprint2_sniper_area_1, sprint2_heavy_combat_area_1,
          sprint2_mutation_trap_area_1, sprint2_forest_area_1,
          sprint2_light_combat_area_1, sprint2_behind_water_1,
          sprint2_near_end_vault_1]

Skill      XL: |  1 |
---------------+----+-----
Fighting       | 2 |  2.6
Short Blades   | 2 |  2.6
Long Blades    | 2 |  2.6
Axes           | 2 |  2.6
Maces & Flails | 2 |  2.6
Polearms       | 2 |  2.6
Staves         | 2 |  2.6
Slings         | 2 |  2.6
Bows           | 2 |  2.6
Crossbows      | 2 |  2.6
Throwing       | 2 |  2.6
Armour         | 2 |  2.6
Dodging        | 5 |  5.3
Stealth        | 5 |  5.0
Shields        | 2 |  2.6
Unarmed Combat | 2 |  2.6
Spellcasting   | 5 |  5.7
Conjurations   | 2 |  2.1
Hexes          | 2 |  2.1
Charms         | 2 |  2.1
Summonings     | 2 |  2.1
Necromancy     | 2 |  2.1
Translocations | 2 |  2.1
Transmutations | 3 |  3.1
Fire Magic     | 2 |  2.1
Ice Magic      | 2 |  2.1
Air Magic      | 2 |  2.1
Poison Magic   | 2 |  2.1
Invocations    | 2 |  2.9
Evocations     | 2 |  2.6
Earth Magic    | |  5.9

Action                   |  1- 3 |  4- 6 || total
-------------------------+-------+-------++-------
Melee: Unarmed           |     5 |     6 ||    11
       Bite              |     1 |       ||     1
 Cast: Sandblast         |     5 |     1 ||     6
Armor: Robe              |     1 |     1 ||     2
Dodge: Dodged            |     4 |     4 ||     8

Table legend:
 A = Non-vault XP
 B = Vault XP
 C = Vault XP percentage of total XP
 D = Non-vault monster count
 E = Vault monster count
 F = Vault count percentage of total count
                 A         B        C        D         E       F
            +---------+---------+-------+---------+---------+-------
      Total |       0 |     119 | 100.0 |       0 |       1 | 100.0
            +---------+---------+-------+---------+---------+-------
          D |       0 |     119 | 100.0 |       0 |       1 | 100.0
            +---------+---------+-------+---------+---------+-------
